 Dungeon Crawl Stone Soup version 0.20.1-1-g8b1a95d (webtiles) character file.

13188 Jannitor the Fighter (level 12, -7/136 HPs)
             Began as an Ogre Chaos Knight on Sept 11, 2017.
             Mangled by a hell rat (12 damage)
             ... on level 2 of the Lair of Beasts.
             The game lasted 00:19:46 (11400 turns).

Jannitor the Fighter (Ogre Chaos Knight)           Turns: 11400, Time: 00:19:47

Health: -7/136     AC:  8    Str: 23    XL:     12   Next: 3%
Magic:  0/17       EV: 12    Int: 13    God:    Xom [......]
Gold:   565        SH:  0    Dex: 10    Spells: 11/11 levels left

rFire    + . .     SeeInvis .   F - +2 lajatang (speed)
rCold    . . .     Gourm    .   (shield currently unavailable)
rNeg     . . .     Faith    .   b - +2 robe
rPois    .         Spirit   +   (helmet restricted)
rElec    .         Reflect  .   o - +1 cloak
rCorr    +         Harm     .   (gloves unavailable)
MR       +....                  (boots unavailable)
Stlth    +.........             K - amulet of guardian spirit
Regen    0.4/turn               j - ring of resist corrosion
MPRegen  0.2/turn               w - ring of protection from fire

@: contaminated, glowing, very heavily drained
A: unfitting armour, horns 1, agile 1, deterioration 1, high mp 1, screaming 1,
shaggy fur 1, tough skin 1, wild magic 1
a: Renounce Religion


You were on level 2 of the Lair of Beasts.
You worshipped Xom.
You were a very special plaything of Xom.
You were not hungry.

You visited 3 branches of the dungeon, and saw 12 of its levels.
You also visited: Bailey.

You collected 1390 gold pieces.
You spent 825 gold pieces at shops.

Inventory:

Hand Weapons
 a - a +1 spear of chaos
 q - a +2 quarterstaff of chaos
 F - a +2 lajatang of speed (weapon)
 W - a +0 lajatang of protection
Armour
 b - a +2 robe (worn)
 o - a +1 cloak (worn)
Magical Staves
 G - an uncursed staff of fire
Jewellery
 j - a ring of resist corrosion (left hand)
 m - an uncursed ring of resist corrosion
 w - a ring of protection from fire (right hand)
 z - a cursed -2 ring of strength {unknown}
 K - an amulet of guardian spirit (around neck)
 O - an uncursed amulet of regeneration {unknown}
Wands
 h - a wand of random effects (38/48)
 x - a wand of polymorph (12/24)
 I - a wand of confusion (4/48)
 S - a wand of flame (15/48)
 U - a wand of acid (5/15)
 V - a wand of iceblast (7/15)
 X - a wand of enslavement (15/24)
Scrolls
 d - 6 scrolls of remove curse
 f - 7 scrolls of identify
 g - 2 scrolls of fog
 i - 2 scrolls of recharging
 k - 2 scrolls of enchant weapon
 n - 5 scrolls of enchant armour
 E - 2 scrolls of teleportation
 J - 2 scrolls of magic mapping
 L - a scroll of immolation
Potions
 e - 2 potions of flight
 l - 5 potions of ambrosia
 p - 3 potions of curing
 r - 3 potions of mutation {unknown}
 s - a potion of magic {unknown}
 t - a potion of berserk rage {unknown}
 u - a potion of haste {unknown}
 v - 3 potions of agility
 A - a potion of lignification {unknown}
 P - a potion of cancellation {unknown}
 R - 3 potions of degeneration {unknown}
Books
 y - Romiowk's Papyrus of Confrontation
   (Xom gifted it to you on level 4 of the Dungeon)

   Spells                             Type                      Level
   a - Throw Frost                    Conjuration/Ice              2
   b - Sticky Flame                   Conjuration/Fire             4
   c - Throw Icicle                   Conjuration/Ice              4
   d - Bolt of Magma                  Conjuration/Fire/Earth       5
   e - Irradiate                      Conjuration/Transmutation    5
 C - a book of Air

   Spells                             Type                      Level
   a - Shock                          Conjuration/Air              1
   b - Swiftness                      Charms/Air                   2
   c - Static Discharge               Conjuration/Air              3
   d - Airstrike                      Air                          4
   e - Lightning Bolt                 Conjuration/Air              5
 D - a book of Misfortune

   Spells                             Type                      Level
   a - Confusing Touch                Hexes                        1
   b - Confuse                        Hexes                        3
   c - Gell's Gravitas                Translocation                3
   d - Petrify                        Transmutation/Earth          4
   e - Metabolic Englaciation         Hexes/Ice                    5
   f - Yara's Violent Unravelling     Hexes/Transmutation          5
 M - a book of Geomancy

   Spells                             Type                      Level
   a - Sandblast                      Earth                        1
   b - Passwall                       Transmutation/Earth          2
   c - Stone Arrow                    Conjuration/Earth            3
   d - Petrify                        Transmutation/Earth          4
   e - Lee's Rapid Deconstruction     Earth                        5
 Q - a book of Flames

   Spells                             Type                      Level
   a - Flame Tongue                   Conjuration/Fire             1
   b - Throw Flame                    Conjuration/Fire             2
   c - Conjure Flame                  Conjuration/Fire             3
   d - Inner Flame                    Hexes/Fire                   3
   e - Sticky Flame                   Conjuration/Fire             4
   f - Fireball                       Conjuration/Fire             5
 T - a book of Conjurations

   Spells                             Type                      Level
   a - Magic Dart                     Conjuration                  1
   b - Searing Ray                    Conjuration                  2
   c - Dazzling Spray                 Conjuration/Hexes            3
   d - Fulminant Prism                Conjuration/Hexes            4
   e - Force Lance                    Conjuration/Translocation    4
   f - Iskenderun's Mystic Blast      Conjuration                  4
Comestibles
 c - 3 bread rations
 B - 5 meat rations
 H - 5 royal jellies
 N - 3 fruits


   Skills:
 + Level 13.6(9.6) Fighting
 - Level 4.4(4.3) Polearms
 + Level 9.8(6.5) Staves
 + Level 10.0(6.4) Dodging
 + Level 4.8(1.7) Evocations


You had 11 spell levels left.
You didn't know any spells.

Dungeon Overview and Level Annotations

Branches:
Dungeon (9/15)             Temple (1/1) D:7            Lair (2/6) D:9
  Swamp: Lair:2-4    Shoals: Lair:2-4     Snake: Lair:2-4    Spider: Lair:2-4
    Orc: D:9-12

Altars:
Ashenzari
Cheibriados
Dithmenos
Elyvilon
Fedhas
Hepliaklqana
Kikubaaqudgha
Makhleb
Nemelex Xobeh
Okawaru
Qazlal
Ru
Sif Muna
Trog
Uskayaw
Vehumet
Xom
Yredelemnul
Zin
The Shining One

Shops:
D:6 [[?=   D:8 *

Annotations:
D:2 Sigmund


Innate Abilities, Weirdness & Mutations

You are too large for most types of armour.
You have tough skin. (AC +1)
You have a pair of small horns on your head.
You are agile. (Dex +2)
Your body sometimes deteriorates upon taking damage.
You have an increased reservoir of magic. (+10% MP)
You occasionally shout uncontrollably at your foes.
You are covered in fur. (AC +1)
Your spells are a little harder to cast, but a little more powerful.


Message History

You feel drained.
* * * LOW HITPOINT WARNING * * *
The hell rat bites you!
* * * LOW HITPOINT WARNING * * *
Xom thinks this is hilarious!
You feel drained.
* * * LOW HITPOINT WARNING * * *
Unknown command.
Unknown command.
You feel better.
You feel less invigorated.
The hell rat bites you but does no damage.
The hell rat bites you.
* * * LOW HITPOINT WARNING * * *
The hell rat bites you.
* * * LOW HITPOINT WARNING * * *
Unknown command.
You feel better. The hell rat bites you!
* * * LOW HITPOINT WARNING * * *
The hell rat closely misses you. The hell rat bites you!
You die...

. ##.. . #... . . ###
### #... . .. ##.#
#.#####.. .
...####..#######...###..
.
........†...............
.
........†...............
.
......r.rP..............
.
r.##.#@#####..###P#####
# ### #### ### # ##
###### PP#########.#..#
................
................
...............
.##....#...P#.
#.#...#######


You could see 2 hell rats.

Vanquished Creatures
  Pikel (D:9)
  Joseph (D:9)
  Psyche (D:9)
  A black mamba (Lair:1)
  2 spiny frogs (Lair:1)
  A komodo dragon (Lair:1)
  5 hippogriffs
  A hornet (D:7)
  The ghost of Allophanate the Skirmisher, an amateur MiFi (D:5)
  25 yaks
  4 hungry ghosts
  Menkaure (D:5)
  A naga (shapeshifter) (D:6)
  2 water moccasins
  3 porcupines (Lair:2)
  13 orc warriors
  2 ice beasts
  5 sky beasts
  An eye of draining (D:9)
  A necrophage (D:8)
  2 phantoms
  4 ogres
  3 wolves (Lair:2)
  4 centaurs
  A crocodile (Lair:1)
  6 bullfrogs
  2 scorpions
  3 howler monkeys (D:7)
  A bullfrog zombie (D:9)
  5 crimson imps
  2 hounds
  A jelly (D:7)
  Crazy Yiuf (D:4)
  3 orc priests
  3 centaur skeletons
  5 worker ants
  2 orc wizards
  2 hell rats (Lair:2)
  A hound skeleton (D:8)
  7 gnolls
  9 adders
  A howler monkey skeleton (D:5)
  A shadow imp (D:8)
  2 oozes
  An adder zombie (D:6)
  An adder skeleton (D:7)
  A worm (D:6)
  A ball lightning (D:1)
  2 dart slugs (D:2)
  10 leopard geckos
  23 orcs
  6 giant cockroaches
  3 hobgoblins (D:1)
  19 jackals
  5 kobolds
  2 quokkas
  A ball python (D:5)
  4 bats
  A frilled lizard (D:5)
  9 goblins
  11 rats
243 creatures vanquished.

Vanquished Creatures (collateral kills)
  2 orc warriors
2 creatures vanquished.

Vanquished Creatures (others)
  An ogre (D:9)
  A wolf (Lair:2)
  3 fungi (Lair:1)
5 creatures vanquished.

Grand Total: 250 creatures vanquished

Notes
Turn   | Place    | Note
-------+----------+-------------------------------------------
     0 | D:1      | Jannitor the Ogre Chaos Knight began the quest for the Orb.
     0 | D:1      | Reached XP level 1. HP: 24/24 MP: 1/1
    42 | D:1      | Reached XP level 2. HP: 27/33 MP: 2/2
    66 | D:1      | XOM: harmless Erth miscast
   266 | D:1      | Reached XP level 3. HP: 30/40 MP: 3/3
   550 | D:1      | XOM: cloud trail
   853 | D:1      | XOM: cloud trail
   980 | D:1      | XOM: summons 1 hostile demon
  1022 | D:1      | XOM: severe Air miscast
  1232 | D:2      | Reached skill level 5 in Fighting
  1296 | D:2      | XOM: 2-stop teleportation journey
  1300 | D:2      | XOM: scenery: 1 doors close
  1375 | D:2      | XOM: give mutations
  1375 | D:2      | Gained mutation: You are resistant to hostile enchantments. (MR+) [Xom's grace]
  1375 | D:2      | Gained mutation: You are agile. (Dex +2) [Xom's grace]
  1448 | D:2      | XOM: summons 1 hostile demon
  1574 | D:2      | Noticed Sigmund
  1591 | D:2      | XOM: enchant monster (good)
  1722 | D:3      | XOM: repel stairs
  1729 | D:3      | Reached XP level 4. HP: 49/50 MP: 4/4
  1818 | D:3      | Found a hazy altar of Hepliaklqana.
  1822 | D:3      | Found an iron altar of Okawaru.
  1838 | D:3      | Reached XP level 5. HP: 37/58 MP: 5/5
  1882 | D:3      | XOM: 5-stop teleportation journey
  1965 | D:3      | XOM: 1-stop teleportation journey
  2038 | D:3      | XOM: 1-stop teleportation journey
  2319 | D:3      | XOM: scenery: create altars
  2376 | D:4      | Found a bloodstained altar of Trog.
  2381 | D:4      | XOM: enchant monster (good)
  2394 | D:4      | XOM: give mutations
  2394 | D:4      | Gained mutation: You are covered in fur. (AC +1) [Xom's grace]
  2394 | D:4      | Gained mutation: Your spells are a little harder to cast, but a little more powerful. [Xom's grace]
  2394 | D:4      | Gained mutation: You have a pair of small horns on your head. [Xom's grace]
  2406 | D:4      | Noticed a phantom
  2419 | D:4      | Killed a phantom
  2419 | D:4      | Reached skill level 6 in Fighting
  2419 | D:4      | Reached XP level 6. HP: 36/68 MP: 6/6
  2448 | D:4      | XOM: harmless Conj miscast
  2611 | D:4      | Found a runed door.
  2623 | D:4      | Noticed Crazy Yiuf
  2631 | D:4      | Killed Crazy Yiuf
  2741 | D:4      | Found a glowing golden altar of the Shining One.
  2741 | D:4      | Found a burning altar of Makhleb.
  3066 | D:4      | Reached skill level 1 in Staves
  3168 | D:4      | Identified Romiowk's Papyrus of Confrontation (Xom gifted it to you on level 4 of the Dungeon)
  3168 | D:4      | XOM: god gift: Romiowk's Papyrus of Confrontation
  3220 | D:5      | Entered Level 5 of the Dungeon
  3229 | D:5      | Reached XP level 7. HP: 71/76 MP: 7/7
  3234 | D:5      | Reached skill level 7 in Fighting
  3366 | D:5      | Noticed Allophanate's ghost (amateur MiFi)
  3376 | D:5      | Killed Allophanate's ghost
  3570 | D:5      | Noticed Menkaure
  3575 | D:5      | Killed Menkaure
  3912 | D:6      | Reached skill level 8 in Fighting
  3912 | D:6      | Reached skill level 5 in Dodging
  3912 | D:6      | Reached XP level 8. HP: 84/88 MP: 8/8
  4097 | D:6      | XOM: summons friendly shadow imp
  4249 | D:6      | XOM: fog
  4284 | D:6      | XOM: 3-stop teleportation journey
  4313 | D:6      | XOM: summons 8 friendly demons
  4497 | D:6      | Found Liheg's Antique Armour Shoppe.
  4502 | D:6      | Found Elen's Magic Scroll Emporium.
  4511 | D:6      | Bought a scroll of teleportation for 45 gold pieces
  4566 | D:6      | Found Xuwyseko's Jewellery Shop.
  4710 | D:6      | XOM: potion effect (invisibility)
  4712 | D:6      | Reached skill level 9 in Fighting
  4815 | D:6      | Found Jazelao's Armour Boutique.
  5100 | D:7      | Noticed a hippogriff
  5109 | D:7      | Killed a hippogriff
  5109 | D:7      | Reached skill level 5 in Staves
  5109 | D:7      | Reached XP level 9. HP: 82/100 MP: 9/9
  5134 | D:7      | XOM: fog
  5314 | D:7      | Found a staircase to the Ecumenical Temple.
  5314 | D:7      | XOM: 1-stop teleportation journey
  5319 | Temple   | Entered the Ecumenical Temple
  5472 | D:7      | Noticed a hornet
  5480 | D:7      | Killed a hornet
  5480 | D:7      | Reached skill level 10 in Fighting
  5827 | D:7      | Found an iron altar of Okawaru.
  5868 | D:7      | XOM: medium Pois miscast
  5942 | D:7      | XOM: noise
  6079 | D:7      | XOM: harmless Hex miscast
  6145 | D:7      | XOM: cloud trail
  6737 | D:8      | XOM: noise
  6782 | D:8      | XOM: noise
  6789 | D:8      | Reached skill level 11 in Fighting
  6789 | D:8      | Reached XP level 10. HP: 100/113 MP: 10/10
  6868 | D:8      | XOM: noise
  6874 | D:8      | XOM: harmless Summ miscast
  6883 | D:8      | XOM: potion effect (heal wounds)
  6905 | D:8      | Gained mutation: You possess an exceptional clarity of mind. [mutagenic meat]
  6906 | D:8      | Gained mutation: You are somewhat resistant to further mutation. [mutagenic meat]
  6929 | D:8      | Found Dekh's General Store.
  7055 | D:8      | Found a burning altar of Makhleb.
  7245 | D:8      | XOM: fog
  7359 | D:8      | HP: 1/114 [orc warrior/dire flail (23)]
  7368 | D:8      | XOM: harmless Conj miscast
  7846 | D:9      | XOM: medium Tloc miscast
  7934 | D:9      | Found a flagged portal.
  7970 | Bailey   | Entered a bailey
  7990 | Bailey   | Reached skill level 1 in Evocations
  8016 | Bailey   | XOM: enchant monster (bad)
  8030 | Bailey   | Reached skill level 12 in Fighting
  8133 | Bailey   | XOM: summons 1 hostile demon
  8139 | Bailey   | XOM: mild Ice miscast
  8195 | Bailey   | XOM: summons 8 friendly demons
  8332 | D:6      | Bought a scroll of acquirement for 780 gold pieces
  8339 | D:6      | XOM: give mutations
  8339 | D:6      | Lost mutation: You are somewhat resistant to further mutation. [Xom's mischief]
  8339 | D:6      | Gained mutation: You occasionally shout uncontrollably at your foes. [Xom's mischief]
  8463 | D:9      | Noticed Joseph
  8485 | D:9      | Killed Joseph
  8489 | D:9      | Found a staircase to the Lair.
  8678 | D:9      | Noticed Pikel
  8685 | D:9      | Killed Pikel
  8685 | D:9      | Reached XP level 11. HP: 119/124 MP: 12/12
  8716 | D:9      | XOM: harmless Ice miscast
  9114 | D:9      | Noticed Psyche
  9117 | D:9      | XOM: smoke on damage
  9121 | D:9      | Killed Psyche
  9349 | Lair:1   | Entered Level 1 of the Lair of Beasts
  9365 | Lair:1   | XOM: potion effect (heal wounds)
  9368 | Lair:1   | XOM: scenery: 1 doors close
  9417 | D:9      | XOM: god gift: wand of acid (?/15) {god gift}
  9470 | Lair:1   | XOM: divination: detect creatures
  9757 | Lair:1   | Reached skill level 13 in Fighting
  9884 | Lair:1   | XOM: cast spell 'Call Canine Familiar'
  9929 | Lair:1   | XOM: silly message
  9956 | Lair:1   | XOM: divination: detect items
  9962 | Lair:1   | XOM: summons friendly ufetubus
 10227 | Lair:1   | XOM: harmless Summ miscast
 10326 | Lair:1   | XOM: 2-stop teleportation journey
 10554 | Lair:1   | XOM: 5-stop teleportation journey
 10564 | Lair:1   | XOM: swap monsters
 10961 | Lair:2   | XOM: swap monsters
 10983 | Lair:2   | XOM: destruction
 10986 | Lair:2   | XOM: enchant monster (good)
 11278 | Lair:2   | Reached XP level 12. HP: 130/136 MP: 13/15
 11329 | Lair:2   | XOM: give mutations
 11329 | Lair:2   | Gained mutation: You have an increased reservoir of magic. (+10% MP) [Xom's mischief]
 11329 | Lair:2   | Lost mutation: You are resistant to hostile enchantments. (MR+) [Xom's mischief]
 11329 | Lair:2   | Gained mutation: Your body sometimes deteriorates upon taking damage. [Xom's mischief]
 11329 | Lair:2   | Lost mutation: You possess an exceptional clarity of mind. [Xom's mischief]
 11350 | Lair:2   | XOM: 9-stop teleportation journey
 11374 | Lair:2   | XOM: medium Tmut miscast
 11378 | Lair:2   | XOM: harmless Tloc miscast
 11381 | Lair:2   | XOM: swap monsters
 11391 | Lair:2   | Reached skill level 10 in Dodging
 11398 | Lair:2   | HP: 3/136 [hell rat (11)]
 11400 | Lair:2   | Mangled by a hell rat

Skill      XL: |  1  2  3  4  5  6  7  8  9 10 11 12 |
---------------+-------------------------------------+-----
Fighting       | 5 6 8 9 11 12 13 | 13.6
Dodging        | 3 4 5 6 7 8 9 10 | 10.0
Polearms       | 4 |  4.4
Staves         | 1 3 5 7 8 9 |  9.8
Evocations     | 2 4 |  4.8

Action                   |  1- 3 |  4- 6 |  7- 9 | 10-12 || total
-------------------------+-------+-------+-------+-------++-------
Melee: Spear             |   133 |   107 |       |       ||   240
       Headbutt          |       |     6 |    37 |    88 ||   131
       Quarterstaff      |       |    21 |   201 |   135 ||   357
       Lajatang          |       |       |       |   293 ||   293
Evoke: Wand              |       |       |       |    32 ||    32
  Use: Potion            |     4 |     3 |     1 |     3 ||    11
       Scroll            |       |     5 |     2 |     9 ||    16
 Stab: Sleeping          |     1 |     1 |     2 |       ||     4
       Paralysed         |       |     3 |       |     2 ||     5
       Distracted        |       |       |     1 |       ||     1
       Petrifying        |       |       |       |     1 ||     1
  Eat: Chunk             |     1 |     6 |     7 |    13 ||    27
       Bread ration      |       |       |     1 |     2 ||     3
       Meat ration       |       |       |     1 |       ||     1
Armor: Robe              |    49 |    42 |    78 |    81 ||   250
Dodge: Dodged            |    61 |    49 |   125 |   203 ||   438
